 Dungeon Crawl Stone Soup version 0.30-a0-793-g160f7cfddd (webtiles) character file.

Game seed: 6892566877236961540

417 kingofthe the Magician (level 6, -2/32 HPs)
             Began as a Deep Elf Conjurer on Feb 20, 2023.
             Was an Initiate of Sif Muna.
             Slain by an ufetubus (4 damage)
             ... on level 4 of the Dungeon.
             The game lasted 00:07:11 (3791 turns).

kingofthe the Magician (Deep Elf Conjurer)          Turns: 3791, Time: 00:07:12

Health: -2/32      AC:  2    Str:  4    XL:     6   Next: 61%
Magic:  0/15       EV: 14    Int: 23    God:    Sif Muna [......]
Gold:   214        SH:  0    Dex: 15    Spells: 10/15 levels left

rFire   . . .      SeeInvis .    p - +2 hand axe (venom)
rCold   . . .      Faith    .    (no shield)
rNeg    . . .      Spirit   +    a - +0 robe
rPois   .          Reflect  .    (no helmet)
rElec   .          Harm     .    (no cloak)
rCorr   .          Rampage  .    (no gloves)
Will    .....                    (no boots)
Stlth   +++                      f - amulet of guardian spirit
HPRegen 0.25/turn                (no ring)
MPRegen 0.14/turn                (no ring)

@: no status effects
A: no striking features
a: Renounce Religion


You were on level 4 of the Dungeon.
You worshipped Sif Muna.
Sif Muna was noncommittal.
You visited 2 branches of the dungeon, and saw 6 of its levels.

You collected 214 gold pieces.


   Skills:
 * Level 5.1 Dodging
 + Level 4.1 Stealth
 + Level 5.3 Spellcasting
 - Level 4.8 Conjurations
 * Level 3.3 Translocations


You had 10 spell levels left.
You knew the following spells:

 Your Spells              Type           Power      Damage    Failure   Level
a - Magic Dart            Conj           100%       1d8       1%          1
b - Searing Ray           Conj           56%        2d6       1%          2
c - Blink                 Tloc           42%        N/A       3%          2

Your spell library contained the following spells:

 Spells                   Type           Power      Damage    Failure   Level
 Momentum Strike          Conj/Tloc      48%        3d9       2%          2
 Lesser Beckoning         Tloc           42%        N/A       3%          2
 Dazzling Flash           Conj/Hex       34%        N/A       11%         3
 Iskenderun's Mystic Bla  Conj/Tloc      24%        2d7       17%         4
 Fulminant Prism          Conj/Hex       8%         3d7       34%         4

Inventory:

Hand Weapons
 p - a +2 hand axe of venom (weapon)
 s - a +3 quarterstaff
Armour
 a - a +0 robe (worn)
 c - an orb of energy
 k - a +2 tower shield
Jewellery
 f - an amulet of guardian spirit (around neck)
 F - a ring of fire
Scrolls
 d - a scroll of immolation {unknown}
 g - a scroll of magic mapping {unknown}
 h - 3 scrolls of blinking {unknown}
 j - 6 scrolls of identify {unknown}
 l - 2 scrolls of fear {unknown}
 n - a scroll of torment {unknown}
 o - 3 scrolls of teleportation {unknown}
 q - a scroll of enchant weapon {unknown}
 r - a scroll of enchant armour {unknown}
 t - a scroll of silence {unknown}
 x - a scroll of noise {unknown}
Potions
 b - 2 potions of magic
 e - a potion of heal wounds {unknown}
 i - 3 potions of curing {unknown}
 m - a potion of cancellation {unknown}
 u - a potion of ambrosia {unknown}
 v - a potion of lignification {unknown}
 w - 2 potions of invisibility {unknown}

Dungeon Overview and Level Annotations

Branches:
Dungeon (5/15)             Temple (1/1) D:4

Altars:
Ashenzari
Cheibriados
Dithmenos
Elyvilon
Gozag
Kikubaaqudgha
Makhleb
Okawaru
Qazlal
Ru
Sif Muna
Uskayaw
Vehumet
Wu Jian
Yredelemnul
Zin
The Shining One

##...≈≈≈≈≈...##......#
#....≈≈≈....#...#....
##.........##....#.#.
##.......##..#....#.
###...###........##
#...#......#....#
####...#............
##.5##.##...##....##.
##..#@.......###.#....
#..##........# #......
##w###........#
###.... ###.>#
#........# #....
#...## #........#
##### ##### ##########


You could see an ufetubus.


Message History

The ufetubus closely misses you. The ufetubus barely misses you.
The worm closely misses you.
You now have 0/15 mp.
Casting: Searing Ray (safe; 1% risk of failure)
Confirm with . or Enter, or press ? or * to list all spells.
You don't have enough magic to cast this spell.
Unknown command.
Without enough magic to sustain it, your searing ray dissipates.
The ufetubus hits you but does no damage.
The ufetubus barely misses you. The worm bites you!
The ufetubus barely misses you. The ufetubus hits you.
* * * LOW HITPOINT WARNING * * *
You take 13 damage, and have 13/32 hp.
MASSIVE DAMAGE!!
The ufetubus misses you. The ufetubus hits you.
* * * LOW HITPOINT WARNING * * *
You take 4 damage, and have 9/32 hp.
The ufetubus attacks as you move away! The ufetubus completely misses you.
The ufetubus hits you.
* * * LOW HITPOINT WARNING * * *
The ufetubus misses you. The ufetubus barely misses you.
You take 4 damage, and have 5/32 hp.
The ufetubus misses you. The ufetubus hits you.
* * * LOW HITPOINT WARNING * * *
You take 3 damage, and have 2/32 hp.
You now have 0/15 mp.
You completely miss the ufetubus.
The ufetubus is moderately wounded.
The ufetubus completely misses you.
The ufetubus hits you but does no damage.
The ufetubus hits you.
You die...

Skill      XL: |  1  2  3  4  5  6 |
---------------+-------------------+-----
Spellcasting   | 4 5 |  5.3
Dodging        | 3 4 5 |  5.1
Stealth        | 3 4 |  4.1
Translocations | 1 2 3 |  3.3
Conjurations   | |  4.8

Action                     |  1- 3 |  4- 6 || total
---------------------------+-------+-------++-------
  Melee: Hand axe          |       |     1 ||     1
   Cast: Magic Dart        |    66 |    43 ||   109
         Searing Ray       |     6 |    16 ||    22
 Armour: Robe              |     2 |     5 ||     7
  Dodge: Dodged            |       |    30 ||    30

Levels and vault maps discovered:
D:1:      dpeg_arrival_tiny_b, layout_loops_corners
D:2:      layout_loops_ring
D:3:      layout_loops_cross
D:4:      layout_rooms, okawaru_trees_1, tgw_sif,
          minmay_temple_entry_mini_moons, cheibrodos_gnoll_hut
D:5:      layout_basic, nrook_pool_corridor, nicolae_grassy_gnolls,
          uniq_sigmund, uniq_edmund
Temple:   nicolae_temple_no_exploring_needed

Notes
Turn   | Place    | Note
-------+----------+-------------------------------------------
     0 | D:1      | kingofthe the Deep Elf Conjurer began the quest for the
                  | Orb.
     0 | D:1      | Reached XP level 1. HP: 10/10 MP: 6/6
   365 | D:1      | Reached skill level 4 in Spellcasting
   365 | D:1      | Reached XP level 2. HP: 15/15 MP: 6/9
   860 | D:1      | Learned a level 2 spell: Searing Ray
  1265 | D:2      | Reached XP level 3. HP: 19/19 MP: 4/10
  1613 | D:2      | Reached skill level 3 in Dodging
  2010 | D:3      | Learned a level 2 spell: Blink
  2264 | D:3      | Reached skill level 3 in Stealth
  2264 | D:3      | Reached skill level 1 in Translocations
  2264 | D:3      | Reached XP level 4. HP: 24/24 MP: 7/12
  2320 | D:3      | Reached XP level 5. HP: 28/28 MP: 6/13
  2541 | D:3      | Reached skill level 4 in Dodging
  3033 | D:3      | Reached skill level 2 in Translocations
  3190 | D:4      | Found a staircase to the Ecumenical Temple.
  3209 | Temple   | Entered the Ecumenical Temple
  3309 | D:4      | Found an iron altar of Okawaru.
  3370 | D:4      | Noticed an ogre
  3377 | D:4      | Killed an ogre
  3378 | D:4      | Reached skill level 5 in Spellcasting
  3378 | D:4      | Reached XP level 6. HP: 32/32 MP: 7/15
  3492 | D:4      | Reached skill level 4 in Stealth
  3492 | D:4      | Reached skill level 3 in Translocations
  3496 | D:4      | Reached skill level 5 in Dodging
  3741 | D:4      | Found a shimmering blue altar of Sif Muna.
  3749 | D:4      | Became a worshipper of Sif Muna the Loreminder
  3774 | D:5      | Entered Level 5 of the Dungeon
  3789 | D:4      | HP: 2/32 [ufetubus (4)]
  3791 | D:4      | Slain by an ufetubus

Vanquished Creatures
  An ogre (D:4)
  2 hounds (D:4)
  2 orc priests
  An iguana (D:4)
  3 orc wizards
  A gnoll (D:4)
  4 adders
  A white imp (D:5)
  2 worms
  3 dart slugs
  4 orcs
  4 ball pythons
  4 endoplasms
  2 giant cockroaches
  7 goblins
  3 hobgoblins
  2 quokkas
  2 bats
  2 frilled lizards
  3 kobolds (D:1)
  5 rats
58 creatures vanquished.

Table legend: (Time is in decaauts)
 A = Elapsed time spent in this place.
 B = Non-inter-level travel time spent in this place.
 C = Inter-level travel time spent in this place.
 D = Time resting spent in this place.
 E = Time spent auto-exploring this place.
 F = Levels seen in this place.
 G = Mean time per level.
                   A        B        C        D        E       F      G
               +--------+--------+--------+--------+--------+-----+--------+
         Total |   3793 |   3697 |     96 |    146 |   3119 |   6 |  632.2 |
       Dungeon |   3744 |   3648 |     96 |    146 |   3072 |   5 |  748.8 |
        Temple |     48 |     48 |      0 |      0 |     47 |   1 |   48.0 |
               +--------+--------+--------+--------+--------+-----+--------+

Top non-repeatable levels by time:
     D:3: 1092 daAuts
     D:1: 1037 daAuts
     D:2: 932 daAuts
     D:4: 674 daAuts
  Temple: 48 daAuts
     D:5: 7 daAuts

Table legend:
 A = Non-vault XP
 B = Vault XP
 C = Vault XP percentage of total XP
 D = Non-vault monster count
 E = Vault monster count
 F = Vault count percentage of total count
                 A         B        C        D         E       F
            +---------+---------+-------+---------+---------+-------
      Total |     462 |     135 |  22.6 |      54 |       4 |   6.9
            +---------+---------+-------+---------+---------+-------
        D:1 |      26 |       0 |   0.0 |      17 |       0 |   0.0
        D:2 |      54 |       0 |   0.0 |      10 |       0 |   0.0
        D:3 |     165 |       0 |   0.0 |      21 |       0 |   0.0
        D:4 |     207 |     135 |  39.5 |       5 |       4 |  44.4
        D:5 |      10 |       0 |   0.0 |       1 |       0 |   0.0
            +---------+---------+-------+---------+---------+-------
